 Dungeon Crawl Stone Soup version 0.30.0-29-ga12c61a403 (webtiles) character file.

Game seed: 853361277217062205

111 cdecastro the Magician (level 4, -1/32 HPs)
             Began as a Gnoll Wanderer on June 14, 2023.
             Slain by an orc
             ... wielding a +0 flail
              (3 damage)
             ... on level 2 of the Dungeon on June 15, 2023.
             The game lasted 00:05:46 (2046 turns).

cdecastro the Magician (Gnoll Wanderer)             Turns: 2046, Time: 00:05:47

Health: -1/32      AC:  6    Str: 13    XL:     4   Next: 92%
Magic:  13/13      EV: 10    Int: 12    God:
Gold:   129        SH:  0    Dex: 11    Spells: 16/17 levels left

rFire   . . .        a - +2 mace
rCold   . . .        (no shield)
rNeg    . . .        b - +0 ring mail
rPois   .            (no helmet)
rElec   .            (no cloak)
rCorr   .            (no gloves)
SInv    .            (no boots)
Will    .....        (no amulet)
Stlth   +            l - ring of wizardry
HPRegen 0.25/turn    (no ring)
MPRegen 0.13/turn

%: wizardry (x1)
@: no status effects
A: fangs 1, strong nose, distributed training
a: no special abilities


You were on level 2 of the Dungeon.
You visited 1 branch of the dungeon, and saw 3 of its levels.

You collected 129 gold pieces.

Inventory:

Hand Weapons
 a - a +2 mace (weapon)
Missiles
 d - 5 poisoned darts
Armour
 b - a +0 ring mail (worn)
 e - a +0 scale mail
 q - a +0 pair of boots
 r - a +0 helmet
Jewellery
 f - a ring of ice
 l - a ring of wizardry (left hand)
Wands
 u - a wand of mindburst (19)
Scrolls
 c - 2 scrolls of fog
 h - 2 scrolls of immolation {unknown}
 i - a scroll of enchant weapon {unknown}
 n - a scroll of noise {unknown}
 o - a scroll of acquirement {unknown}
 p - a scroll of identify {unknown}
 s - a scroll of enchant armour {unknown}
Potions
 g - a potion of lignification {unknown}
 j - a potion of curing {unknown}
 k - a potion of berserk rage {unknown}
 m - a potion of mutation {unknown}
 t - a potion of magic {unknown}
 v - 2 potions of cancellation {unknown}


   Skills:
 + Level 1.3 Fighting
 + Level 1.3 Short Blades
 + Level 1.3 Long Blades
 + Level 1.3 Axes
 + Level 6.6 Maces & Flails
 + Level 1.3 Polearms
 + Level 1.3 Staves
 + Level 1.3 Ranged Weapons
 + Level 2.9 Throwing
 + Level 4.7 Armour
 + Level 1.3 Dodging
 + Level 2.7 Stealth
 + Level 1.3 Shields
 + Level 1.3 Unarmed Combat
 + Level 7.2 Spellcasting
 + Level 1.1 Conjurations
 + Level 1.1 Hexes
 + Level 1.1 Summonings
 + Level 1.1 Necromancy
 + Level 1.1 Translocations
 + Level 1.1 Transmutations
 + Level 1.1 Fire Magic
 + Level 1.1 Ice Magic
 + Level 1.1 Air Magic
 + Level 1.1 Earth Magic
 + Level 1.1 Poison Magic
 + Level 1.5 Invocations
 + Level 1.3 Evocations


You had 16 spell levels left.
You knew the following spells:

 Your Spells              Type           Power      Damage    Failure   Level
a - Beastly Appendage     Tmut           14%        N/A       9%          1

Your spell library contained the following spells:

 Spells                   Type           Power      Damage    Failure   Level
 Lesser Beckoning         Tloc           14%        N/A       12%         2
 Gell's Gravitas          Tloc           7%         N/A       24%         3
 Ignite Poison            Fire/Tmut/Pois 7%         N/A       24%         3
 Teleport Other           Tloc           7%         N/A       24%         3


Dungeon Overview and Level Annotations

Branches:
Dungeon (3/15)

Altars:
Fedhas
Hepliaklqana
Kikubaaqudgha


Innate Abilities, Weirdness & Mutations

You have very sharp teeth.
Your uncanny sense of smell can sniff out nearby items.
Your experience applies equally to all skills.


Message History

Something hits you. The orc hits you but does no damage.
You hear some strange, mumbled words.
You are confused.
The orc hits you with a +0 flail.
In your confused state, you trip and fall back down the stairs.
The orc hits you with a +0 flail.
Unknown command.
Unknown command.
Something hits you but does no damage. The orc hits you with a +0 flail!
* * * LOW HITPOINT WARNING * * *
You climb upwards.
Reactivating autopickup.
There is a stone staircase leading down here.
Unknown command.
You bump into the rock wall.
Something hits you but does no damage.
Deactivating autopickup; reactivate with Ctrl-A.
The orc hits you but does no damage. The orc hits you with a +0 flail.
* * * LOW HITPOINT WARNING * * *
Unknown command.
You miss something.
You hear some strange, mumbled words.
A magic dart appears from out of thin air!
The magic dart hits you!
* * * LOW HITPOINT WARNING * * *
The orc hits you but does no damage. x2
Unknown command.
You are too confused!
Okay, then.
You are too confused!
Unknown command.
You hit the orc but do no damage.
You feel less confused. Something hits you but does no damage.
The orc barely misses you. The orc hits you with a +0 flail.
* * * LOW HITPOINT WARNING * * *
Unknown command.
You completely miss the orc. Something hits you but does no damage.
The orc hits you but does no damage. The orc hits you with a +0 flail.
You die...

.....# ###.## ....(# #....#
##### ....##
#.#.######...####### ....#
#.#........#.#.....#
...######.########...#.###.#
...#......# ##†##.###.#
..##.###### #......#.#
..##.# ############.#.#.#
..##.# #....{@o# #.....#
.###.# #.....o.# ###<###
.###.######.......# ###.####
......##.......)..# #....>.#
.###..##.##.......# #.#.##.#
.# #..##.##..>....# #.#.##.#
.# #..##.##.......# #.#.##.#
.# #..##.########## #......#
.# #...#.## ########.####


You could see 2 orcs.

Vanquished Creatures
  4 adders
  2 worms (D:2)
  2 dart slugs (D:1)
  7 bats
  4 endoplasms
  2 giant cockroaches
  9 hobgoblins
  5 jackals (D:1)
  5 kobolds
  5 ball pythons
  2 frilled lizards (D:1)
  6 goblins
  7 rats
60 creatures vanquished.

Notes
Turn   | Place    | Note
-------+----------+-------------------------------------------
     0 | D:1      | cdecastro the Gnoll Wanderer began the quest for the Orb.
     0 | D:1      | cdecastro set off with the following items: a +2 mace, a +0
                  | ring mail, a scroll of fog; and the following spell
                  | memorised: Beastly Appendage; and the following spells
                  | available to memorise: Ignite Poison.
     0 | D:1      | Reached XP level 1. HP: 13/13 MP: 8/8
     6 | D:1      | Noticed a black bear
     6 | D:1      | Noticed a hound
     7 | D:1      | Noticed a swamp worm
     7 | D:1      | Noticed a rime drake
   282 | D:1      | Reached XP level 2. HP: 19/19 MP: 10/10
   509 | D:1      | Reached XP level 3. HP: 25/25 MP: 11/11
   732 | D:1      | Reached skill level 1 in Invocations
  1045 | D:2      | Reached skill level 1 in Fighting
  1045 | D:2      | Reached skill level 1 in Short Blades
  1045 | D:2      | Reached skill level 1 in Long Blades
  1045 | D:2      | Reached skill level 1 in Axes
  1045 | D:2      | Reached skill level 1 in Polearms
  1045 | D:2      | Reached skill level 1 in Staves
  1045 | D:2      | Reached skill level 1 in Ranged Weapons
  1045 | D:2      | Reached skill level 1 in Dodging
  1045 | D:2      | Reached skill level 1 in Shields
  1045 | D:2      | Reached skill level 1 in Unarmed Combat
  1045 | D:2      | Reached skill level 1 in Evocations
  1113 | D:2      | Reached XP level 4. HP: 32/32 MP: 13/13
  1296 | D:2      | Found a faded altar of an unknown god.
  1799 | D:3      | Found a hazy altar of Hepliaklqana.
  1799 | D:3      | Found an ancient bone altar of Kikubaaqudgha.
  1801 | D:3      | Found a blossoming altar of Fedhas.
  1846 | D:3      | Reached skill level 1 in Conjurations
  1846 | D:3      | Reached skill level 1 in Hexes
  1846 | D:3      | Reached skill level 1 in Summonings
  1846 | D:3      | Reached skill level 1 in Necromancy
  1846 | D:3      | Reached skill level 1 in Translocations
  1846 | D:3      | Reached skill level 1 in Transmutations
  1846 | D:3      | Reached skill level 1 in Fire Magic
  1846 | D:3      | Reached skill level 1 in Ice Magic
  1846 | D:3      | Reached skill level 1 in Air Magic
  1846 | D:3      | Reached skill level 1 in Earth Magic
  1846 | D:3      | Reached skill level 1 in Poison Magic
  2046 | D:2      | Slain by an orc

Illustrated notes

Levels and vault maps discovered:
D:1:      onia_arrival_zoo_common, layout_basic, minmay_hexomino_u4
D:2:      layout_loops_cross, hellmonk_ecumenical_altar_zigzags, hex_medium
D:3:      layout_basic, tso_altar, chequers_temple_overflow_statue_of_worship,
          dreamdust_mushroom_princess

Skill      XL: |  1  2  3  4 |
---------------+-------------+-----
Invocations    | 1 |  1.5
Fighting       | 1 |  1.3
Short Blades   | 1 |  1.3
Long Blades    | 1 |  1.3
Axes           | 1 |  1.3
Polearms       | 1 |  1.3
Staves         | 1 |  1.3
Ranged Weapons | 1 |  1.3
Dodging        | 1 |  1.3
Shields        | 1 |  1.3
Unarmed Combat | 1 |  1.3
Evocations     | 1 |  1.3
Conjurations   | 1 |  1.1
Hexes          | 1 |  1.1
Summonings     | 1 |  1.1
Necromancy     | 1 |  1.1
Translocations | 1 |  1.1
Transmutations | 1 |  1.1
Fire Magic     | 1 |  1.1
Ice Magic      | 1 |  1.1
Air Magic      | 1 |  1.1
Earth Magic    | 1 |  1.1
Poison Magic   | 1 |  1.1
Maces & Flails | |  6.6
Throwing       | |  2.9
Armour         | |  4.7
Stealth        | |  2.7
Spellcasting   | |  7.2

Action                     |  1- 3 |  4- 6 || total
---------------------------+-------+-------++-------
  Melee: Mace              |    97 |    69 ||   166
         Bite              |     9 |     6 ||    15
         Punch             |       |     1 ||     1
   Stab: Sleeping          |     2 |     2 ||     4
 Armour: Ring mail         |    50 |    34 ||    84
  Dodge: Dodged            |    59 |    30 ||    89
